 Dungeon Crawl Stone Soup version 0.23.1-37-gaa34b87 (webtiles) character file.

Game seed: 3097379235765359256

3857 Fang the Fighter (level 10, -22/97 HPs)
             Began as a Gargoyle Berserker on Mar 27, 2019.
             Was an Elder of Trog.
             Annihilated by a phantasmal warrior (27 damage)
             ... led by a death knight
             ... on level 8 of the Dungeon.
             The game lasted 00:09:06 (7577 turns).

Fang the Fighter (Gargoyle Berserker)               Turns: 7577, Time: 00:09:06

Health: -22/97     AC: 25    Str: 30    XL:     10   Next: 18%
Magic:  10/10      EV: 10    Int:  7    God:    Trog [****..]
Gold:   454        SH:  0    Dex:  9    Spells: 9/9 levels left

rFire    . . .     SeeInvis .   r - +2 hand axe (holy)
rCold    . . .     Gourm    .   (no shield)
rNeg     + . .     Faith    .   s - +2 plate armour
rPois    ∞         Spirit   .   (no helmet)
rElec    +         Reflect  .   (no cloak)
rCorr    .         Harm     .   (no gloves)
MR       +....                  (no boots)
Stlth    ..........             (no amulet)
HPRegen  1.26/turn              a - +3 ring of protection
MPRegen  0.12/turn              (no ring)

@: berserking, vulnerable, regenerating, very quick
A: negative energy resistance 1, electricity resistance, unbreathing,
petrification resistance, rot immunity, AC +7
a: Berserk, Trog's Hand, Brothers in Arms, Renounce Religion


You were on level 8 of the Dungeon.
You worshipped Trog.
Trog was greatly pleased with you.
You were hungry.

You visited 2 branches of the dungeon, and saw 9 of its levels.

You collected 454 gold pieces.

Inventory:

Hand Weapons
 r - a +2 hand axe of holy wrath (weapon)
 u - a +1 war axe
Armour
 s - a +2 plate armour (worn)
Jewellery
 a - a +3 ring of protection (left hand)
 e - an uncursed ring of resist corrosion {unknown}
Wands
 v - a wand of flame (19)
Scrolls
 f - a scroll of fear {unknown}
 g - 3 scrolls of remove curse
 i - a scroll of teleportation
 k - a scroll of magic mapping
Potions
 d - a potion of haste
 j - 3 potions of brilliance
 n - 4 potions of curing
 q - a potion of heal wounds
Comestibles
 b - 6 chunks of flesh
 c - 19 rations


   Skills:
 + Level 8.6 Fighting
 + Level 7.1 Axes
 + Level 8.1 Armour
 + Level 6.2 Dodging


You had 9 spell levels left.
You didn't know any spells.
Your spell library was empty.

Dungeon Overview and Level Annotations

Branches:
Dungeon (8/15)             Temple (1/1) D:6
   Lair: D:8-11

Altars:
Ashenzari
Hepliaklqana
Makhleb
Nemelex Xobeh
Ru
Sif Muna
Uskayaw
Xom
The Shining One


Innate Abilities, Weirdness & Mutations

You are resistant to torment.
Your stone body is resilient. (AC +7)
You are immune to poison.
You resist negative energy. (rN+)
You are resistant to electric shocks. (rElec)
You can survive without breathing.
You are immune to petrification.
You are immune to rotting.


Message History

The phantasmal warrior hits you!!
* * * LOW HITPOINT WARNING * * *
The orc warrior shouts!
You hit the phantasmal warrior.
The phantasmal warrior convulses.
The phantasmal warrior is severely damaged.
You hit the skeletal warrior but do no damage.
You hit the phantasmal warrior.
The phantasmal warrior convulses.
You hear a shout! x2
A death knight comes into view. It is wielding a +2 halberd.
The phantasmal warrior hits you but does no damage.
The death knight shouts!
You hit the phantasmal warrior but do no damage.
The phantasmal warrior is severely damaged.
You slash the skeletal warrior!
The skeletal warrior convulses.
You closely miss the phantasmal warrior.
You hear a shout!
The skeletal warrior hits you with a +0 war axe!
* * * LOW HITPOINT WARNING * * *
The phantasmal warrior hits you!!
You die...

#. #..###...###.
#o.######......#...#.
##..........###)..#.#.
##....#####.##
##.##...
.#.....#####.# #.#####
..........##.# #.# #
..........##.# #.#
......z......# #.#
p.....W@.....# #..
......W.....## ###
......#...###
.....##...# #.#.#
##.## #... #.# ##. #.#
# #.#


You could see a death knight, a skeletal warrior, 2 phantasmal warriors and an
orc warrior.

Vanquished Creatures
  Joseph (D:7)
  A hippogriff (D:4)
  Sigmund (D:2)
  4 hogs (D:7)
  A human (D:7)
  A water moccasin (D:7)
  The ghost of slphil the Grave Robber, an amateur VSNe (D:3)
  An ice beast (D:6)
  4 orc warriors
  2 sky beasts (D:5)
  A phantom (D:4)
  3 ogres
  3 centaurs
  A scorpion (D:6)
  3 wights (D:7)
  A howler monkey (D:4)
  A crimson imp (D:7)
  A centaur zombie (D:7)
  2 hounds
  A bullfrog skeleton (D:7)
  3 orc priests
  Jessica (D:2)
  A centaur skeleton (D:6)
  3 iguanas
  4 orc wizards
  3 worker ants
  A hound skeleton (D:4)
  10 adders
  7 gnolls
  A hound simulacrum (D:3)
  A white imp (D:3)
  A worm (D:2)
  2 dart slugs
  2 adder simulacra (D:3)
  7 leopard geckos
  14 orcs
  5 bats
  3 giant cockroaches
  7 goblins
  9 hobgoblins
  11 jackals
  2 kobolds
  2 quokkas (D:6)
  6 frilled lizards
  A giant cockroach simulacrum (D:3)
  A leopard gecko skeleton (D:4)
  2 quokka simulacra (D:3)
  A quokka skeleton (D:4)
  A quokka zombie (D:5)
  5 rats
151 creatures vanquished.

Notes
Turn   | Place    | Note
-------+----------+-------------------------------------------
     0 | D:1      | Fang the Gargoyle Berserker began the quest for the Orb.
     0 | D:1      | Reached XP level 1. HP: 14/14 MP: 1/1
    72 | D:1      | Reached XP level 2. HP: 10/19 MP: 2/2
   670 | D:1      | Reached XP level 3. HP: 18/23 MP: 3/3
   869 | D:2      | Noticed Jessica
   885 | D:2      | Killed Jessica
   885 | D:2      | Reached XP level 4. HP: 3/29 MP: 4/4
  1089 | D:2      | Found a shimmering altar of Xom.
  1090 | D:2      | Found a hazy altar of Hepliaklqana.
  1090 | D:2      | Noticed an earth elemental
  1101 | D:2      | Noticed a spectral ugly thing
  1101 | D:2      | Noticed an earth elemental
  1278 | D:2      | Noticed Sigmund
  1312 | D:2      | Killed Sigmund
  1312 | D:2      | Reached ** piety under Trog
  1312 | D:2      | Reached XP level 5. HP: 23/34 MP: 5/5
  1732 | D:2      | Found a sparkling altar of Nemelex Xobeh.
  1772 | D:2      | Reached XP level 6. HP: 39/39 MP: 6/6
  2500 | D:3      | Found a hide-covered altar of Uskayaw.
  2502 | D:3      | Found a sparkling altar of Nemelex Xobeh.
  2502 | D:3      | Found a burning altar of Makhleb.
  2562 | D:3      | Found a faded altar of an unknown god.
  2685 | D:3      | Found a glowing golden altar of the Shining One.
  2766 | D:3      | Found a runed translucent gate.
  2766 | D:3      | Found a runed translucent gate.
  2766 | D:3      | Found a runed translucent gate.
  2782 | D:3      | Found a shattered altar of Ashenzari.
  2827 | D:3      | Noticed slphil's ghost (amateur VSNe)
  2970 | D:3      | Found a deep blue altar of Sif Muna.
  3174 | D:3      | Killed slphil's ghost
  3174 | D:3      | Reached skill level 5 in Fighting
  3511 | D:4      | Reached XP level 7. HP: 32/44 MP: 7/7
  3701 | D:4      | Noticed a hippogriff
  3718 | D:4      | Killed a hippogriff
  3753 | D:4      | Reached skill level 5 in Armour
  4159 | D:4      | Reached *** piety under Trog
  4200 | D:4      | Reached XP level 8. HP: 51/51 MP: 8/8
  4247 | D:4      | Found a sacrificial altar of Ru.
  4261 | D:4      | Reached skill level 5 in Axes
  4515 | D:5      | Entered Level 5 of the Dungeon
  5424 | D:6      | Found a staircase to the Ecumenical Temple.
  5692 | D:6      | Reached XP level 9. HP: 6/56 MP: 9/9
  6067 | D:6      | Reached skill level 5 in Dodging
  6383 | Temple   | Entered the Ecumenical Temple
  7044 | D:7      | Noticed Joseph
  7071 | D:7      | Killed Joseph
  7210 | D:7      | Reached **** piety under Trog
  7263 | D:7      | Reached XP level 10. HP: 64/64 MP: 10/10
  7565 | D:8      | Noticed a phantasmal warrior
  7566 | D:8      | Noticed a phantasmal warrior
  7566 | D:8      | Noticed a skeletal warrior
  7576 | D:8      | Noticed a death knight
  7577 | D:8      | Annihilated by a phantasmal warrior

Skill      XL: |  1  2  3  4  5  6  7  8  9 10 |
---------------+-------------------------------+-----
Axes           | 3 4 5 6 7 |  7.1
Dodging        | 2 3 4 6 |  6.2
Armour         | 3 4 5 6 7 8 |  8.1
Fighting       | 4 5 6 8 |  8.6

Action                   |  1- 3 |  4- 6 |  7- 9 | 10-12 || total
-------------------------+-------+-------+-------+-------++-------
Melee: Hand axe          |    78 |   204 |   421 |    47 ||   750
Invok: Berserk           |     1 |     3 |     4 |     1 ||     9
       Trog's Hand       |       |     1 |       |     1 ||     2
  Use: Scroll            |       |       |    17 |       ||    17
  Eat: Chunk             |       |     9 |    15 |     3 ||    27
       Ration            |       |     1 |       |       ||     1
Armor: Animal skin       |    29 |       |       |       ||    29
       Chain mail        |       |   151 |   149 |       ||   300
       Plate armour      |       |       |    98 |    26 ||   124
Dodge: Dodged            |    58 |    76 |   202 |    21 ||   357
